 Dungeon Crawl Stone Soup version 0.30-a0-118-ga018f8e90f (webtiles) character file.

Game seed: 13493956078523830369

296 Newt the Cutter (level 6, -2/48 HPs)
             Began as a Demonspawn Gladiator on Sept 13, 2022.
             Was an Initiate of Yredelemnul.
             Slain by Grinder (5 damage)
             ... on level 3 of the Dungeon.
             The game lasted 00:03:48 (3102 turns).

Newt the Cutter (Demonspawn Gladiator)              Turns: 3102, Time: 00:03:49

Health: -2/48      AC:  5    Str: 17    XL:     6   Next: 12%
Magic:  6/6        EV: 11    Int:  9    God:    Yredelemnul [......]
Gold:   95         SH:  4    Dex: 14    Spells: 5/5 levels left

rFire   . . .      SeeInvis .    w - +1 dagger (venom)
rCold   . . .      Faith    .    j - +1 buckler
rNeg    . . .      Spirit   .    b - +0 leather armour
rPois   .          Reflect  .    c - +0 helmet
rElec   .          Harm     .    s - +0 cloak
rCorr   .          Rampage  .    (no gloves)
Will    .....                    (no boots)
Stlth   ++........               (no amulet)
HPRegen 0.16/turn                (no ring)
MPRegen 0.10/turn                (no ring)

@: no status effects
A: powered by death 1, weakness stinger 1
a: Renounce Religion, Recall Undead Harvest


You were on level 3 of the Dungeon.
You worshipped Yredelemnul.
Yredelemnul was noncommittal.
You visited 1 branch of the dungeon, and saw 3 of its levels.

You collected 95 gold pieces.

Inventory:

Hand Weapons
 a - a +0 rapier
 q - a +2 short sword of electrocution
 w - a +1 dagger of venom (weapon)
Missiles
 d - 2 throwing nets (quivered)
 t - a javelin
Armour
 b - a +0 leather armour (worn)
 c - a +0 helmet (worn)
 g - the +0 pair of gloves of Proximity {Contam rN++ Int+4 Dex-3}
   (You found it on level 2 of the Dungeon)

   Int:       It affects your intelligence (+4).
   Dex:       It affects your dexterity (-3).
   rN:        It greatly protects you from negative energy.
   Contam:    It causes magical contamination when unequipped.
 j - a +1 buckler (worn)
 s - a +0 cloak (worn)
Wands
 e - a wand of polymorph (6)
 u - a wand of flame (13)
Scrolls
 f - a scroll of blinking
 h - a scroll of teleportation
 k - a scroll of noise {unknown}
 m - a scroll of fog {unknown}
 p - a scroll of torment {unknown}
 x - a scroll of identify
Potions
 i - 2 potions of heal wounds {unknown}
 l - 2 potions of degeneration {unknown}
 n - a potion of attraction
 o - a potion of flight
 r - 3 potions of curing {unknown}
 v - a potion of lignification {unknown}


   Skills:
 - Level 4.0 Fighting
 - Level 5.0 Short Blades
 - Level 1.7 Throwing
 + Level 2.6 Dodging
 - Level 2.0 Stealth


You had 5 spell levels left.
You didn't know any spells.
Your spell library was empty.

Dungeon Overview and Level Annotations

Branches:
Dungeon (3/15)

Altars:
Fedhas
Ru
Yredelemnul

Shops:
D:3 (

Annotations:
D:3 Grinder


Innate Abilities, Weirdness & Mutations

You regenerate a little health from kills.
You have a small tail.


Message History

Training target 5.0 for Short Blades reached!
Your Short Blades skill increases to level 5!
You need to enable at least one skill for training.
Grinder comes into view.
Grinder is nearby!
Grinder is nearby!
Grinder shouts!
Grinder drinks a potion.
Grinder flickers and vanishes!
Deactivating autopickup; reactivate with Ctrl-A.
No target in view!
No target in view!
Unknown command.
Something tries to affect you, but you resist.
Something tries to affect you, but you resist.
Something tries to affect you, but you resist.
You swap places.
Something tries to affect you, but you resist.
Pain shoots through your body!
You hit something. Something hits you.
You writhe in agony.
You hit something. You block something's attack.
You hit something.
Your tail-slap misses something.
Something hits you!
You writhe in agony.
* * * LOW HITPOINT WARNING * * *
You open the door.
There is an open door here.
Your endoplasm zombie barely misses something.
Something hits you but does no damage.
You suddenly lose the ability to move!
Your endoplasm zombie closely misses something.
Something hits you but does no damage.
You can move again.
Something hits you.
* * * LOW HITPOINT WARNING * * *
You writhe in agony.
* * * LOW HITPOINT WARNING * * *
Unknown command.
Something hits you.
* * * LOW HITPOINT WARNING * * *
You writhe in agony.
You die...
Your body rises from the dead as a mindless zombie.

#.# ##.###.# #.#
#.#......# ## #.#
#.......## #. #. #.#
###.##.##..# #. #.
###.# ... ## ##.####.
###.##...##.##.#
#....#.
#......##.....###.
####...
#......'Z.........
###.
#......###@#..### #.
#......#...#....# #.
######.#...<..#.# ##
#..........#### #
###...........# #
######.##.....##.#
####
.........Z.#......#
#...
#######..###......###
#...
#.............###...


You could see a friendly endoplasm zombie.

Vanquished Creatures
  Sigmund (D:3)
  Crazy Yiuf (D:2)
  Robin (D:3)
  2 adders
  4 worms
  4 dart slugs (D:3)
  6 bats
  3 endoplasms
  A giant cockroach (D:1)
  12 goblins
  10 hobgoblins
  3 jackals (D:2)
  5 kobolds
  2 quokkas
  4 ball pythons
  3 frilled lizards
  6 rats
  A bush (D:2)
69 creatures vanquished.

Vanquished Creatures (others)
  A dart slug zombie (D:3)
  A rat zombie (D:3)
  6 plants (D:2)
8 creatures vanquished.

Grand Total: 77 creatures vanquished

Notes
Turn   | Place    | Note
-------+----------+-------------------------------------------
     0 | D:1      | Newt the Demonspawn Gladiator began the quest for the Orb.
     0 | D:1      | Reached XP level 1. HP: 16/16 MP: 1/1
    27 | D:1      | Reached skill level 1 in Stealth
   485 | D:1      | You fall into a shaft and drop 1 floor!
   498 | D:2      | Gained mutation: You regenerate a little health from kills.
                  | [demonic ancestry]
   498 | D:2      | Reached XP level 2. HP: 19/22 MP: 2/2
   866 | D:1      | Found a faded altar of an unknown god.
  1112 | D:1      | Reached XP level 3. HP: 21/28 MP: 3/3
  1531 | D:2      | Identified the +0 pair of gloves of Proximity {Contam rN++
                  | Int+4 Dex-3}
  1825 | D:2      | Found a runed translucent door.
  1826 | D:2      | Noticed Crazy Yiuf
  2135 | D:2      | Killed Crazy Yiuf
  2136 | D:2      | Reached XP level 4. HP: 20/37 MP: 4/4
  2445 | D:3      | Found Kihyotuask's Antique Weapon Emporium.
  2446 | D:3      | Noticed Sigmund
  2453 | D:3      | Killed Sigmund
  2454 | D:3      | Reached skill level 4 in Short Blades
  2454 | D:3      | Gained mutation: You have a small tail. [demonic ancestry]
  2454 | D:3      | Reached XP level 5. HP: 42/42 MP: 5/5
  2455 | D:3      | Noticed Robin
  2469 | D:3      | Killed Robin
  2470 | D:3      | Reached XP level 6. HP: 48/48 MP: 6/6
  2644 | D:3      | Found a blossoming altar of Fedhas.
  2694 | D:3      | Found a sacrificial altar of Ru.
  2708 | D:3      | Found a basalt altar of Yredelemnul.
  2794 | D:3      | Became a worshipper of Yredelemnul the Dark
  3044 | D:3      | Reached skill level 5 in Short Blades
  3074 | D:3      | Noticed Grinder
  3098 | D:3      | Paralysed by something for 3 turns
  3102 | D:3      | Slain by Grinder

Illustrated notes

Levels and vault maps discovered:
D:1:      matt_arrival_los_fun, layout_loops_ring,
          hellmonk_ecumenical_altar_pennies_from_heaven
D:2:      layout_basic, serial_forest, infiniplex_forest_lined_2,
          infiniplex_forest_lined_2, infiniplex_forest_lined_4_way,
          infiniplex_forest_clump_double, infiniplex_forest_lined_2,
          infiniplex_forest_clump_long, infiniplex_forest_clump_cross,
          minmay_stone_trees_medium, serial_bayou_lagoon_a, minmay_hedge_maze,
          uniq_crazy_yiuf_cottage
D:3:      layout_basic, fedhas_ov_isle_minmay, kennysheep_slug_shrine,
          mainiacjoe_overflow_catwalk_spiral, serial_shops, shop, uniq_sigmund,
          uniq_grinder, uniq_robin

Skill      XL: |  1  2  3  4  5  6 |
---------------+-------------------+-----
Stealth        | 1 2 |  2.0
Fighting       | 4 |  4.0
Short Blades   | 4 5 |  5.0
Throwing       | |  1.7
Dodging        | |  2.6

Action                   |  1- 3 |  4- 6 || total
-------------------------+-------+-------++-------
Melee: Rapier            |    96 |       ||    96
       Short sword       |    66 |    50 ||   116
       Tailslap          |       |     5 ||     5
       Dagger            |       |    15 ||    15
Throw: Throwing net      |     1 |       ||     1
       Javelin           |       |     1 ||     1
  Use: Scroll            |     5 |     1 ||     6
 Stab: Sleeping          |     1 |     4 ||     5
       Distracted        |     1 |       ||     1
       Held in net/web   |     1 |       ||     1
Armor: Leather armour    |    48 |    13 ||    61
Dodge: Dodged            |    62 |    17 ||    79
Block: Buckler           |    15 |     9 ||    24

Table legend: (Time is in decaauts)
 A = Elapsed time spent in this place.
 B = Non-inter-level travel time spent in this place.
 C = Inter-level travel time spent in this place.
 D = Time resting spent in this place.
 E = Time spent auto-exploring this place.
 F = Levels seen in this place.
 G = Mean time per level.
                   A        B        C        D        E       F      G
               +--------+--------+--------+--------+--------+-----+--------+
         Total |   3104 |   2956 |    148 |    503 |   1964 |   3 | 1034.7 |
       Dungeon |   3104 |   2956 |    148 |    503 |   1964 |   3 | 1034.7 |
               +--------+--------+--------+--------+--------+-----+--------+

Top non-repeatable levels by time:
     D:2: 1348 daAuts
     D:1: 1093 daAuts
     D:3: 663 daAuts
